Login

St. Louis Blues vs Minnesota Wild

Created - 18 April 2024 at 23:27

Goals
1 2 3 T
St. Louis Blues 1 2 1 4
Minnesota Wild 1 1 1 3
Shots
1 2 3 T
St. Louis Blues 9 15 13 37
Minnesota Wild 9 8 9 26

GoalsPenalties
1st period
1. St. Louis Blues , Michael Bunting 3 (Jordan Kyrou 12, Robert Bortuzzo 3) at 9:40
2. Minnesota Wild , Zach Parise 4 (Ryan Hartman 5) at 15:38
Ryan Hartman (MIN) for Interference (Minor) at 2:24
Colton Parayko (STL) for Delaying the game (Minor) at 6:51
2nd period
3. Minnesota Wild , Ryan Hartman 2 (Zach Parise 7) at 4:41
4. St. Louis Blues , Robert Thomas 6 (Jordan Kyrou 13, Nick Holden 3) at 5:24
5. St. Louis Blues , Jordan Kyrou 14 (Justin Faulk 11, Robert Thomas 15) at 7:50
Michael Bunting (STL) for Hooking (Minor) at 0:36
Tomas Hertl (MIN) for Roughing (Minor) at 8:26
3rd period
6. Minnesota Wild , Joel Eriksson-Ek 8 (Kirill Kaprizov 12) at 3:48
7. St. Louis Blues , Pavel Buchnevich 8 (Robert Thomas 16, Jordan Kyrou 14) at 10:55 (PP)
Robert Bortuzzo (STL) for High sticking (Minor) at 4:40
Jake Middleton (MIN) for Hooking (Minor) at 10:47
Goalie Stats
Jaroslav Halak (STL), 23 saves from 26 shots - (0.885), W, 5-0-1, 60:00 minutes
Mackenzie Blackwood (MIN), 33 saves from 37 shots - (0.892), L, 0-1-0, 59:01 minutes
3 StarsOfficial
1 - Jordan Kyrou (STL)
2 - Robert Thomas (STL)
3 - Michael Bunting (STL)
Referees : Terry Koharski and Francois St-Laurent
Linesman : Scott Driscoll and Neil Campbell
Game Note
No Game Note
Finance
Level 1 -- Attendance: 6000 (100.00%) -- Ticket Income $600,000
Level 2 -- Attendance: 4697 (93.94%) -- Ticket Income $281,820
Level 3 -- Attendance: 1628 (81.40%) -- Ticket Income $56,980
Level 4 -- Attendance: 3103 (77.58%) -- Ticket Income $77,575
Luxury Box -- Attendance: 896 (89.60%) -- Ticket Income $179,200
Game was played at the Xcel Energy Center.
Total Attendance: 16324 (90.69%)
Total Ticket Income: $1,195,575
Other Income: $585,832
Total Income: $1,781,407



Team Name Goals Shots Shots Attemp Shots Blocked PIM HIT PP PK FO%
St. Louis Blues 43778126111 / 3 (33%)058%
Minnesota Wild 32663176190 / 3 (0%)142%

St. Louis Blues
Player Name POS G A P +/- PIM HIT SHT SB MP PP MP PP SHT PK MP PK SHT FO% FOT GA TA
Alexey ToropchenkoRW0000010011:190:0002:5800% 000
Brayden SchennC000-1011117:382:4000:00053% 1501
Colton ParaykoD000-1201214:260:0002:0500% 001
Jakub VranaLW000001007:150:0000:0000% 000
Jordan KyrouRW1343015018:242:2210:00025% 420
Justin FaulkD0111002124:582:2603:0000% 001
Kasperi KapanenRW000-2013012:190:0000:0000% 021
Kevin HayesRW000-1012014:561:4410:0000% 000
Marco ScandellaD000-1001015:250:0003:0000% 000
Michael BuntingLW1013212017:391:3400:000100% 100
Nick HoldenD0111010221:140:1402:5700% 000
Oskar SundqvistC000-2003115:170:0002:58050% 1420
Paul StastnyC0000001011:431:3402:59083% 600
Pavel BuchnevichLW101-1002217:082:3210:0000% 310
Robert BortuzzoD0110211117:500:0000:1600% 000
Robert ThomasC1233008218:422:3220:00070% 2311
Sammy BlaisLW000-2022016:371:2602:5900% 000
Torey KrugD0000003021:101:2600:3600% 000
Minnesota Wild
Player Name POS G A P +/- PIM HIT SHT SB MP PP MP PP SHT PK MP PK SHT FO% FOT GA TA
Alex GoligoskiD0001001010:340:0000:0800% 000
Eric StaalC000000104:240:0000:00050% 400
Jake MiddletonD0000210619:392:3101:2600% 000
Joel Eriksson-EkC1011015025:183:2902:17048% 3121
John KlingbergD000-1011029:463:2602:3200% 000
Jon MerrillD0001000010:260:0000:0000% 001
Jonas BrodinD0000000219:482:3101:3400% 001
Jujhar KhairaLW000000002:440:0000:0000% 000
Kirill KaprizovLW0111015427:143:2902:18013% 831
Marcus FolignoLW0000021115:280:0000:3500% 100
Marcus JohanssonLW000-1030117:122:2800:0000% 100
Mats ZuccarelloRW0001015024:473:2901:1300% 001
Matt BoldyRW000-1020217:122:2800:0000% 000
Owen TippettRW000000000:000:0000:0000% 000
Rasmus RistolainenD000-1041129:463:2602:3200% 002
Ryan HartmanC1120203011:210:0000:07044% 900
Tomas HertlC000-1221018:242:2800:40050% 1200
Zach PariseLW1120012011:480:0001:0200% 001

St. Louis Blues

5 vs 5 Forward
Line #Left WingCenterRight WingPHYDFOFWanted %Time %Time Play
1Michael BuntingRobert ThomasJordan Kyrou0233433%16:10
2Pavel BuchnevichBrayden SchennKevin Hayes0232827%13:07
3Sammy BlaisOskar SundqvistKasperi Kapanen1312525%12:19
4Jakub VranaPaul StastnyAlexey Toropchenko2211315%7:15
5 vs 5 Defense
Line #DefenseDefensePHYDFOFWanted %Time %Time Play
1Nick HoldenJustin Faulk1313638%18:27
2Torey KrugRobert Bortuzzo1313436%17:35
3Marco ScandellaColton Parayko2302425%12:01
4Justin FaulkTorey Krug12262%0:48
Power Play Forward
Line #Left WingCenterRight WingPHYDFOFWanted %Time %Time Play
1Pavel BuchnevichRobert ThomasJordan Kyrou0147062%2:32
2Michael BuntingPaul StastnyKevin Hayes0143038%1:34
Power Play Defense
Line #DefenseDefensePHYDFOFWanted %Time %Time Play
1Brayden SchennJustin Faulk1137065%2:40
2Torey KrugSammy Blais1133035%1:26
Penalty Kill 4 Players Forward
Line #CenterWingPHYDFOFWanted %Time %Time Play
1Oskar SundqvistAlexey Toropchenko0415050%2:58
2Paul StastnySammy Blais1405050%2:59
Penalty Kill 4 Players Defense
Line #DefenseDefensePHYDFOFWanted %Time %Time Play
1Marco ScandellaJustin Faulk1405050%3:00
2Nick HoldenColton Parayko1405050%2:57
Penalty Kill 3 Players
Line #WingPHYDFOFWanted %Time %Time PlayDefenseDefensePHYDFOFWanted %Time %Time Play
1Oskar Sundqvist140500%0:00 Nick HoldenJustin Faulk140500%0:00
2Alexey Toropchenko140500%0:00 Robert BortuzzoJustin Faulk140500%0:00
4 vs 4 Forward
Line #CenterWingPHYDFOFWanted %Time %Time Play
1Robert ThomasJordan Kyrou122500%0:00
2Brayden SchennPavel Buchnevich122500%0:00
4 vs 4 Defense
Line #DefensePHYDFOFWanted %Time %Time Play
1Robert BortuzzoJustin Faulk122500%0:00
2Torey KrugNick Holden122500%0:00
Last Minutes Offensive
Left WingCenterRight WingDefenseDefense
Pavel BuchnevichRobert ThomasJordan KyrouTorey KrugJustin Faulk
Last Minutes Defensive
Left WingCenterRight WingDefenseDefense
Pavel BuchnevichBrayden SchennAlexey ToropchenkoTorey KrugJustin Faulk
Time
Total ForwardTotal DefenseLast Minutes OffensiveLast Minutes Defensive
60:00 60:00 0:001:06
Extra Forwards
Normal PowerPlayPenalty Kill
Pavel Buchnevich, Jordan Kyrou, Brayden SchennRobert Thomas, Kevin HayesRobert Thomas
Extra Defensemen
Normal PowerPlayPenalty Kill
Justin Faulk, Nick Holden, Torey KrugNick Holden, Justin FaulkTorey Krug
Penalty Shots
Brayden Schenn, Jordan Kyrou, Pavel Buchnevich, Jakub Vrana, Robert Thomas
Goalie
Jaroslav Halak, Jordan Binnington
Custom OT Lines Forwards
Robert Thomas, Pavel Buchnevich, Brayden Schenn, Jordan Kyrou, Kevin Hayes, Kasperi Kapanen, Michael Bunting, Oskar Sundqvist, Alexey Toropchenko, Sammy Blais
Custom OT Lines Defensemen
Justin Faulk, Torey Krug, Colton Parayko, Nick Holden, Robert Bortuzzo
Scratches
Scott Perunovich (Healthy), Jesse Puljujarvi (Healthy), Joel Hofer (Healthy)

Minnesota Wild

5 vs 5 Forward
Line #Left WingCenterRight WingPHYDFOFWanted %Time %Time Play
1Kirill KaprizovJoel Eriksson-EkMats Zuccarello1224038%18:25
2Marcus JohanssonTomas HertlMatt Boldy1223031%15:17
3Zach PariseRyan HartmanMarcus Foligno1222022%10:44
4Marcus FolignoEric StaalKirill Kaprizov122109%4:24
5 vs 5 Defense
Line #DefenseDefensePHYDFOFWanted %Time %Time Play
1Rasmus RistolainenJohn Klingberg1224040%19:43
2Jake MiddletonJonas Brodin1223032%15:43
3Jon MerrillAlex Goligoski1222021%10:26
4Rasmus RistolainenJohn Klingberg122106%2:58
Power Play Forward
Line #Left WingCenterRight WingPHYDFOFWanted %Time %Time Play
1Kirill KaprizovJoel Eriksson-EkMats Zuccarello1226059%3:29
2Marcus JohanssonTomas HertlMatt Boldy1224041%2:28
Power Play Defense
Line #DefenseDefensePHYDFOFWanted %Time %Time Play
1Rasmus RistolainenJohn Klingberg1226058%3:26
2Jake MiddletonJonas Brodin1224042%2:31
Penalty Kill 4 Players Forward
Line #CenterWingPHYDFOFWanted %Time %Time Play
1Kirill KaprizovJoel Eriksson-Ek1226070%2:53
2Tomas HertlMats Zuccarello1224030%1:13
Penalty Kill 4 Players Defense
Line #DefenseDefensePHYDFOFWanted %Time %Time Play
1Rasmus RistolainenJohn Klingberg1226062%2:32
2Jake MiddletonJonas Brodin1224038%1:34
Penalty Kill 3 Players
Line #WingPHYDFOFWanted %Time %Time PlayDefenseDefensePHYDFOFWanted %Time %Time Play
1Kirill Kaprizov122600%0:00 Rasmus RistolainenJohn Klingberg122600%0:00
2Joel Eriksson-Ek122400%0:00 Jake MiddletonJonas Brodin122400%0:00
4 vs 4 Forward
Line #CenterWingPHYDFOFWanted %Time %Time Play
1Kirill KaprizovJoel Eriksson-Ek122600%0:00
2Tomas HertlMats Zuccarello122400%0:00
4 vs 4 Defense
Line #DefensePHYDFOFWanted %Time %Time Play
1Rasmus RistolainenJohn Klingberg122600%0:00
2Jake MiddletonJonas Brodin122400%0:00
Last Minutes Offensive
Left WingCenterRight WingDefenseDefense
Kirill KaprizovJoel Eriksson-EkMats ZuccarelloRasmus RistolainenJohn Klingberg
Last Minutes Defensive
Left WingCenterRight WingDefenseDefense
Kirill KaprizovJoel Eriksson-EkMats ZuccarelloRasmus RistolainenJohn Klingberg
Time
Total ForwardTotal DefenseLast Minutes OffensiveLast Minutes Defensive
60:00 60:00 1:070:00
Extra Forwards
Normal PowerPlayPenalty Kill
Jujhar Khaira, Kirill Kaprizov, Zach PariseJujhar Khaira, Kirill KaprizovZach Parise
Extra Defensemen
Normal PowerPlayPenalty Kill
Jon Merrill, Alex Goligoski, Jake MiddletonJon Merrill, Alex GoligoskiJake Middleton
Penalty Shots
Kirill Kaprizov, Joel Eriksson-Ek, Tomas Hertl, Mats Zuccarello, Matt Boldy
Goalie
Mackenzie Blackwood, Filip Gustavsson
Custom OT Lines Forwards
Kirill Kaprizov, Joel Eriksson-Ek, Tomas Hertl, Mats Zuccarello, Matt Boldy, Marcus Johansson, Zach Parise, Ryan Hartman, Marcus Foligno, Eric Staal
Custom OT Lines Defensemen
Rasmus Ristolainen, John Klingberg, Jake Middleton, Jonas Brodin, Jon Merrill
Scratches
Jordie Benn (Left Hand Injury), Zach Bogosian (Strained Right Elbow Injury), Connor Dewar (Healthy), Brandon Duhaime (Healthy), Pat Maroon (Suspend) Jared Spurgeon (Herniated Disc Injury), Elvis Merzlikins (Healthy)


Play-by-Play

1st period


0:01 of 1st period - Joel Eriksson-Ek wins face-off versus Jordan Kyrou in neutral zone.
0:06 of 1st period - Snap shot by Mats Zuccarello.
0:06 of 1st period - Stopped by Jaroslav Halak with a rebound.
0:26 of 1st period - John Klingberg is hit by Nick Holden and loses puck.
0:40 of 1st period - Nick Holden is hit by Tomas Hertl and loses puck.
0:57 of 1st period - Wrist shot by Kasperi Kapanen.
0:57 of 1st period - Stopped by Mackenzie Blackwood with a rebound.
1:35 of 1st period - Torey Krug is hit by Tomas Hertl and loses puck.
2:22 of 1st period - Slapshot by Torey Krug.
2:22 of 1st period - Stopped by Mackenzie Blackwood with a rebound.
2:24 of 1st period - Minor Penalty to Ryan Hartman for Interference.
2:25 of 1st period - Kirill Kaprizov wins face-off versus Pavel Buchnevich in Minnesota Wild zone.
3:04 of 1st period - Mats Zuccarello is hit by Kevin Hayes and loses puck.
3:52 of 1st period - Pavel Buchnevich is hit by Rasmus Ristolainen and loses puck.
4:20 of 1st period - Icing by Pavel Buchnevich.
4:21 of 1st period - Tomas Hertl wins face-off versus Pavel Buchnevich in St. Louis Blues zone.
4:24 of 1st period - Penalty to Ryan Hartman is over, Ryan Hartman is back on ice.
4:26 of 1st period - Slapshot by Tomas Hertl.
4:26 of 1st period - Shot Blocked by Nick Holden.
5:08 of 1st period - Snap shot by Eric Staal.
5:08 of 1st period - Stopped by Jaroslav Halak without a rebound.
5:09 of 1st period - Eric Staal wins face-off versus Robert Thomas in St. Louis Blues zone.
5:12 of 1st period - Slapshot by John Klingberg.
5:12 of 1st period - Stopped by Jaroslav Halak without a rebound.
5:13 of 1st period - Robert Thomas wins face-off versus Eric Staal in St. Louis Blues zone.
5:47 of 1st period - Tomas Hertl is hit by Brayden Schenn and loses puck.
6:20 of 1st period - Paul Stastny is hit by Marcus Foligno and loses puck.
6:44 of 1st period - Snap shot by Jordan Kyrou.
6:44 of 1st period - Shot Blocked by Jake Middleton.
6:46 of 1st period - Wrist shot by Jordan Kyrou.
6:46 of 1st period - Deflect By Tomas Hertl.
6:46 of 1st period - Shot Misses the Net.
6:46 of 1st period - Puck is out of play.
6:47 of 1st period - Joel Eriksson-Ek wins face-off versus Pavel Buchnevich in Minnesota Wild zone.
6:51 of 1st period - Minor Penalty to Colton Parayko for Delaying the game.
6:52 of 1st period - Joel Eriksson-Ek wins face-off versus Oskar Sundqvist in St. Louis Blues zone.
7:22 of 1st period - Snap shot by Tomas Hertl.
7:22 of 1st period - Shot Blocked by Oskar Sundqvist.
8:50 of 1st period - Icing by Mats Zuccarello.
8:51 of 1st period - Penalty to Colton Parayko is over, Colton Parayko is back on ice.
8:51 of 1st period - Robert Thomas wins face-off versus Joel Eriksson-Ek in Minnesota Wild zone.
8:54 of 1st period - Snap shot by Jordan Kyrou.
8:54 of 1st period - Stopped by Mackenzie Blackwood without a rebound.
8:55 of 1st period - Ryan Hartman wins face-off versus Robert Thomas in Minnesota Wild zone.
9:02 of 1st period - Wrist shot by Zach Parise.
9:02 of 1st period - Shot Blocked by Robert Thomas.
9:06 of 1st period - Wrist shot by Ryan Hartman.
9:06 of 1st period - Deflect By Zach Parise.
9:06 of 1st period - Stopped by Jaroslav Halak with a rebound.
9:36 of 1st period - Wrist shot by Jordan Kyrou.
9:36 of 1st period - Shot Misses the Net.
9:38 of 1st period - Slapshot by Robert Bortuzzo.
9:38 of 1st period - Deflect By Jordan Kyrou.
9:38 of 1st period - Stopped by Mackenzie Blackwood with a rebound.
9:40 of 1st period - Slapshot by Michael Bunting.
9:40 of 1st period - Goal by Michael Bunting - St. Louis Blues : 1 - Minnesota Wild : 0.
9:41 of 1st period - Brayden Schenn wins face-off versus Joel Eriksson-Ek in neutral zone.
10:59 of 1st period - Justin Faulk is hit by Kirill Kaprizov and loses puck.
11:18 of 1st period - Snap shot by Jakub Vrana.
11:18 of 1st period - Shot Misses the Net.
11:20 of 1st period - Wrist shot by Alexey Toropchenko.
11:20 of 1st period - Deflect By Paul Stastny.
11:20 of 1st period - Shot Blocked by Marcus Johansson.
11:20 of 1st period - Puck is out of play.
11:21 of 1st period - Tomas Hertl wins face-off versus Oskar Sundqvist in Minnesota Wild zone.
11:21 of 1st period - Tomas Hertl is hit by Sammy Blais.
12:13 of 1st period - Snap shot by Jordan Kyrou.
12:13 of 1st period - Shot Blocked by Jake Middleton.
12:15 of 1st period - Wrist shot by Michael Bunting.
12:15 of 1st period - Shot Blocked by Jake Middleton.
12:17 of 1st period - Slapshot by Robert Thomas.
12:17 of 1st period - Shot Hit the Post.
12:19 of 1st period - Slapshot by Colton Parayko.
12:19 of 1st period - Deflect By Robert Thomas.
12:19 of 1st period - Stopped by Mackenzie Blackwood with a rebound.
12:21 of 1st period - Snap shot by Marco Scandella.
12:21 of 1st period - Shot Blocked by Jake Middleton.
12:35 of 1st period - Snap shot by Tomas Hertl.
12:35 of 1st period - Shot Misses the Net.
12:37 of 1st period - Slapshot by Tomas Hertl.
12:37 of 1st period - Shot Misses the Net.
12:39 of 1st period - Wrist shot by Jonas Brodin.
12:39 of 1st period - Shot Misses the Net.
12:41 of 1st period - Slapshot by Jake Middleton.
12:41 of 1st period - Shot Misses the Net.
12:45 of 1st period - Slapshot by Tomas Hertl.
12:45 of 1st period - Shot Misses the Net.
13:28 of 1st period - Snap shot by Jordan Kyrou.
13:28 of 1st period - Deflect By Robert Thomas.
13:28 of 1st period - Shot Hit the Post.
13:28 of 1st period - Puck is out of play.
13:29 of 1st period - Ryan Hartman wins face-off versus Brayden Schenn in Minnesota Wild zone.
14:27 of 1st period - Wrist shot by Tomas Hertl.
14:27 of 1st period - Deflect By Matt Boldy.
14:27 of 1st period - Shot Misses the Net.
14:27 of 1st period - Puck is out of play.
14:28 of 1st period - Joel Eriksson-Ek wins face-off versus Robert Thomas in St. Louis Blues zone.
14:31 of 1st period - Snap shot by Mats Zuccarello.
14:31 of 1st period - Stopped by Jaroslav Halak without a rebound.
14:32 of 1st period - Joel Eriksson-Ek wins face-off versus Jordan Kyrou in St. Louis Blues zone.
14:37 of 1st period - Wrist shot by Kirill Kaprizov.
14:37 of 1st period - Shot Misses the Net.
14:39 of 1st period - Snap shot by Joel Eriksson-Ek.
14:39 of 1st period - Stopped by Jaroslav Halak without a rebound.
14:40 of 1st period - Brayden Schenn wins face-off versus Joel Eriksson-Ek in St. Louis Blues zone.
15:38 of 1st period - Slapshot by Zach Parise.
15:38 of 1st period - Goal by Zach Parise - St. Louis Blues : 1 - Minnesota Wild : 1.
15:39 of 1st period - Joel Eriksson-Ek wins face-off versus Brayden Schenn in neutral zone.
16:06 of 1st period - Oskar Sundqvist is hit by Rasmus Ristolainen and loses puck.
16:33 of 1st period - Zach Parise is hit by Michael Bunting and loses puck.
17:26 of 1st period - Wrist shot by Kasperi Kapanen.
17:26 of 1st period - Shot Blocked by Kirill Kaprizov.
17:28 of 1st period - Slapshot by Robert Bortuzzo.
17:28 of 1st period - Stopped by Mackenzie Blackwood with a rebound.
17:30 of 1st period - Snap shot by Torey Krug.
17:30 of 1st period - Deflect By Kirill Kaprizov.
17:30 of 1st period - Stopped by Mackenzie Blackwood without a rebound.
17:31 of 1st period - Robert Thomas wins face-off versus Tomas Hertl in Minnesota Wild zone.
17:44 of 1st period - Snap shot by Jordan Kyrou.
17:44 of 1st period - Shot Misses the Net.
18:02 of 1st period - Wrist shot by Robert Thomas.
18:02 of 1st period - Deflect By Mats Zuccarello.
18:02 of 1st period - Stopped by Mackenzie Blackwood without a rebound.
18:03 of 1st period - Brayden Schenn wins face-off versus Joel Eriksson-Ek in Minnesota Wild zone.
19:51 of 1st period - Wrist shot by Kirill Kaprizov.
19:51 of 1st period - Stopped by Jaroslav Halak with a rebound.
19:57 of 1st period - Slapshot by Joel Eriksson-Ek.
19:57 of 1st period - Stopped by Jaroslav Halak without a rebound.
19:58 of 1st period - Michael Bunting wins face-off versus Tomas Hertl in St. Louis Blues zone.
19:58 of 1st period - Michael Bunting is hit by John Klingberg.
Goals for this period are 1 for St. Louis Blues vs 1 for Minnesota Wild.
Shots for this period are 9 for St. Louis Blues vs 9 for Minnesota Wild.

2nd period


0:01 of 2nd period - Robert Thomas wins face-off versus Kirill Kaprizov in neutral zone.
0:09 of 2nd period - Wrist shot by Mats Zuccarello.
0:09 of 2nd period - Stopped by Jaroslav Halak without a rebound.
0:10 of 2nd period - Robert Thomas wins face-off versus Joel Eriksson-Ek in St. Louis Blues zone.
0:12 of 2nd period - Icing by Jordan Kyrou.
0:13 of 2nd period - Joel Eriksson-Ek wins face-off versus Robert Thomas in St. Louis Blues zone.
0:24 of 2nd period - Slapshot by Mats Zuccarello.
0:24 of 2nd period - Shot Blocked by Robert Thomas.
0:36 of 2nd period - Minor Penalty to Michael Bunting for Hooking.
0:37 of 2nd period - Paul Stastny wins face-off versus Joel Eriksson-Ek in St. Louis Blues zone.
2:36 of 2nd period - Penalty to Michael Bunting is over, Michael Bunting is back on ice.
2:46 of 2nd period - Wrist shot by Robert Thomas.
2:46 of 2nd period - Stopped by Mackenzie Blackwood with a rebound.
2:48 of 2nd period - Slapshot by Robert Bortuzzo.
2:48 of 2nd period - Shot Misses the Net.
2:50 of 2nd period - Wrist shot by Robert Thomas.
2:50 of 2nd period - Deflect By Jordan Kyrou.
2:50 of 2nd period - Shot Blocked by Jonas Brodin.
2:50 of 2nd period - Puck is out of play.
2:51 of 2nd period - Ryan Hartman wins face-off versus Robert Thomas in Minnesota Wild zone.
3:54 of 2nd period - Wrist shot by Alexey Toropchenko.
3:54 of 2nd period - Deflect By Paul Stastny.
3:54 of 2nd period - Shot Misses the Net.
3:54 of 2nd period - Puck is out of play.
3:55 of 2nd period - Paul Stastny wins face-off versus Ryan Hartman in Minnesota Wild zone.
4:11 of 2nd period - Icing by Jon Merrill.
4:12 of 2nd period - Oskar Sundqvist wins face-off versus Ryan Hartman in Minnesota Wild zone.
4:17 of 2nd period - Snap shot by Justin Faulk.
4:17 of 2nd period - Deflect By Oskar Sundqvist.
4:17 of 2nd period - Stopped by Mackenzie Blackwood with a rebound.
4:25 of 2nd period - Wrist shot by Kasperi Kapanen.
4:25 of 2nd period - Deflect By Sammy Blais.
4:25 of 2nd period - Stopped by Mackenzie Blackwood with a rebound.
4:41 of 2nd period - Snap shot by Ryan Hartman.
4:41 of 2nd period - Goal by Ryan Hartman - St. Louis Blues : 1 - Minnesota Wild : 2.
4:42 of 2nd period - Joel Eriksson-Ek wins face-off versus Robert Thomas in neutral zone.
4:49 of 2nd period - Torey Krug is hit by Joel Eriksson-Ek and loses puck.
5:08 of 2nd period - Michael Bunting is hit by Marcus Foligno and loses puck.
5:18 of 2nd period - Slapshot by Robert Thomas.
5:18 of 2nd period - Shot Blocked by Rasmus Ristolainen.
5:20 of 2nd period - Slapshot by Nick Holden.
5:20 of 2nd period - Shot Misses the Net.
5:22 of 2nd period - Snap shot by Jordan Kyrou.
5:22 of 2nd period - Stopped by Mackenzie Blackwood with a rebound.
5:24 of 2nd period - Snap shot by Jordan Kyrou.
5:24 of 2nd period - Deflect By Robert Thomas.
5:24 of 2nd period - Goal by Robert Thomas - St. Louis Blues : 2 - Minnesota Wild : 2.
5:25 of 2nd period - Joel Eriksson-Ek wins face-off versus Oskar Sundqvist in neutral zone.
5:38 of 2nd period - Wrist shot by Kirill Kaprizov.
5:38 of 2nd period - Stopped by Jaroslav Halak without a rebound.
5:39 of 2nd period - Oskar Sundqvist wins face-off versus Joel Eriksson-Ek in St. Louis Blues zone.
6:06 of 2nd period - Kasperi Kapanen is hit by Rasmus Ristolainen and loses puck.
6:11 of 2nd period - Wrist shot by Ryan Hartman.
6:11 of 2nd period - Shot Misses the Net.
6:13 of 2nd period - Wrist shot by Zach Parise.
6:13 of 2nd period - Shot Misses the Net.
6:17 of 2nd period - Wrist shot by Ryan Hartman.
6:17 of 2nd period - Shot Hit the Post.
6:19 of 2nd period - Snap shot by Ryan Hartman.
6:19 of 2nd period - Shot Misses the Net.
6:40 of 2nd period - Icing by Marcus Johansson.
6:41 of 2nd period - Brayden Schenn wins face-off versus Tomas Hertl in Minnesota Wild zone.
7:12 of 2nd period - Wrist shot by Mats Zuccarello.
7:12 of 2nd period - Shot Misses the Net.
7:44 of 2nd period - Slapshot by Jordan Kyrou.
7:44 of 2nd period - Shot Misses the Net.
7:46 of 2nd period - Slapshot by Justin Faulk.
7:46 of 2nd period - Shot Misses the Net.
7:48 of 2nd period - Slapshot by Justin Faulk.
7:48 of 2nd period - Stopped by Mackenzie Blackwood with a rebound.
7:50 of 2nd period - Slapshot by Jordan Kyrou.
7:50 of 2nd period - Goal by Jordan Kyrou - St. Louis Blues : 3 - Minnesota Wild : 2.
7:51 of 2nd period - Oskar Sundqvist wins face-off versus Joel Eriksson-Ek in neutral zone.
7:56 of 2nd period - Snap shot by Oskar Sundqvist.
7:56 of 2nd period - Stopped by Mackenzie Blackwood with a rebound.
8:18 of 2nd period - Marco Scandella is hit by Marcus Johansson and loses puck.
8:26 of 2nd period - Minor Penalty to Tomas Hertl for Roughing.
8:27 of 2nd period - Robert Thomas wins face-off versus Kirill Kaprizov in Minnesota Wild zone.
8:30 of 2nd period - Snap shot by Jordan Kyrou.
8:30 of 2nd period - Shot Blocked by Kirill Kaprizov.
8:32 of 2nd period - Snap shot by Jordan Kyrou.
8:32 of 2nd period - Stopped by Mackenzie Blackwood without a rebound.
8:33 of 2nd period - Robert Thomas wins face-off versus Kirill Kaprizov in Minnesota Wild zone.
8:36 of 2nd period - Snap shot by Robert Thomas.
8:36 of 2nd period - Stopped by Mackenzie Blackwood without a rebound.
8:37 of 2nd period - Robert Thomas wins face-off versus Kirill Kaprizov in Minnesota Wild zone.
8:38 of 2nd period - Slapshot by Pavel Buchnevich.
8:38 of 2nd period - Shot Misses the Net.
9:04 of 2nd period - Slapshot by Brayden Schenn.
9:04 of 2nd period - Deflect By Pavel Buchnevich.
9:04 of 2nd period - Shot Misses the Net.
9:04 of 2nd period - Puck is out of play.
9:05 of 2nd period - Paul Stastny wins face-off versus Kirill Kaprizov in Minnesota Wild zone.
9:14 of 2nd period - Snap shot by Kevin Hayes.
9:14 of 2nd period - Stopped by Mackenzie Blackwood with a rebound.
9:28 of 2nd period - Robert Thomas is hit by Zach Parise and loses puck.
10:26 of 2nd period - Penalty to Tomas Hertl is over, Tomas Hertl is back on ice.
11:02 of 2nd period - Slapshot by Zach Parise.
11:02 of 2nd period - Shot Blocked by Colton Parayko.
11:57 of 2nd period - Icing by John Klingberg.
11:58 of 2nd period - Oskar Sundqvist wins face-off versus Marcus Johansson in Minnesota Wild zone.
12:25 of 2nd period - Snap shot by Zach Parise.
12:25 of 2nd period - Shot Misses the Net.
12:27 of 2nd period - Slapshot by Alex Goligoski.
12:27 of 2nd period - Stopped by Jaroslav Halak with a rebound.
12:29 of 2nd period - Wrist shot by Zach Parise.
12:29 of 2nd period - Shot Misses the Net.
12:43 of 2nd period - Snap shot by Brayden Schenn.
12:43 of 2nd period - Stopped by Mackenzie Blackwood with a rebound.
12:53 of 2nd period - Snap shot by Kevin Hayes.
12:53 of 2nd period - Stopped by Mackenzie Blackwood with a rebound.
13:14 of 2nd period - Slapshot by Paul Stastny.
13:14 of 2nd period - Stopped by Mackenzie Blackwood without a rebound.
13:15 of 2nd period - Robert Thomas wins face-off versus Ryan Hartman in Minnesota Wild zone.
13:47 of 2nd period - Icing by Nick Holden.
13:48 of 2nd period - Joel Eriksson-Ek wins face-off versus Robert Thomas in St. Louis Blues zone.
13:51 of 2nd period - Snap shot by Mats Zuccarello.
13:51 of 2nd period - Shot Blocked by Nick Holden.
14:03 of 2nd period - Snap shot by Robert Thomas.
14:03 of 2nd period - Shot Blocked by Kirill Kaprizov.
14:05 of 2nd period - Slapshot by Justin Faulk.
14:05 of 2nd period - Deflect By Robert Thomas.
14:05 of 2nd period - Stopped by Mackenzie Blackwood without a rebound.
14:06 of 2nd period - Tomas Hertl wins face-off versus Brayden Schenn in Minnesota Wild zone.
15:59 of 2nd period - Eric Staal is hit by Kasperi Kapanen and loses puck.
16:25 of 2nd period - Eric Staal is hit by Jordan Kyrou and loses puck.
16:42 of 2nd period - Nick Holden is hit by Marcus Johansson and loses puck.
16:51 of 2nd period - Slapshot by Matt Boldy.
16:51 of 2nd period - Deflect By Tomas Hertl.
16:51 of 2nd period - Shot Blocked by Justin Faulk.
16:51 of 2nd period - Puck is out of play.
16:52 of 2nd period - Brayden Schenn wins face-off versus Tomas Hertl in St. Louis Blues zone.
16:52 of 2nd period - Brayden Schenn is hit by Matt Boldy.
18:17 of 2nd period - Jake Middleton is hit by Sammy Blais and loses puck.
18:31 of 2nd period - Justin Faulk is hit by Jake Middleton and loses puck.
18:40 of 2nd period - Snap shot by Torey Krug.
18:40 of 2nd period - Shot Blocked by Jake Middleton.
18:42 of 2nd period - Snap shot by Robert Bortuzzo.
18:42 of 2nd period - Shot Blocked by Jonas Brodin.
19:08 of 2nd period - Snap shot by Joel Eriksson-Ek.
19:08 of 2nd period - Stopped by Jaroslav Halak with a rebound.
19:10 of 2nd period - Snap shot by Mats Zuccarello.
19:10 of 2nd period - Stopped by Jaroslav Halak with a rebound.
19:12 of 2nd period - Wrist shot by Mats Zuccarello.
19:12 of 2nd period - Deflect By Joel Eriksson-Ek.
19:12 of 2nd period - Stopped by Jaroslav Halak without a rebound.
19:13 of 2nd period - Robert Thomas wins face-off versus Tomas Hertl in St. Louis Blues zone.
19:30 of 2nd period - Snap shot by Robert Thomas.
19:30 of 2nd period - Deflect By Michael Bunting.
19:30 of 2nd period - Shot Hit the Post.
19:30 of 2nd period - Puck is out of play.
19:31 of 2nd period - Brayden Schenn wins face-off versus Marcus Foligno in Minnesota Wild zone.
19:42 of 2nd period - Slapshot by Kirill Kaprizov.
19:42 of 2nd period - Stopped by Jaroslav Halak with a rebound.
19:44 of 2nd period - Slapshot by Rasmus Ristolainen.
19:44 of 2nd period - Shot Blocked by Pavel Buchnevich.
19:46 of 2nd period - Slapshot by John Klingberg.
19:46 of 2nd period - Shot Misses the Net.
19:58 of 2nd period - Michael Bunting is hit by Matt Boldy and loses puck.
Goals for this period are 2 for St. Louis Blues vs 1 for Minnesota Wild.
Shots for this period are 15 for St. Louis Blues vs 8 for Minnesota Wild.

3rd period


0:01 of 3rd period - Robert Thomas wins face-off versus Joel Eriksson-Ek in neutral zone.
0:09 of 3rd period - Icing by Rasmus Ristolainen.
0:10 of 3rd period - Jordan Kyrou wins face-off versus Kirill Kaprizov in Minnesota Wild zone.
0:23 of 3rd period - Wrist shot by Kirill Kaprizov.
0:23 of 3rd period - Shot Misses the Net.
0:25 of 3rd period - Slapshot by Rasmus Ristolainen.
0:25 of 3rd period - Stopped by Jaroslav Halak without a rebound.
0:26 of 3rd period - Tomas Hertl wins face-off versus Brayden Schenn in St. Louis Blues zone.
0:38 of 3rd period - Off-side.
0:39 of 3rd period - Robert Thomas wins face-off versus Joel Eriksson-Ek in neutral zone.
0:46 of 3rd period - Wrist shot by Robert Thomas.
0:46 of 3rd period - Stopped by Mackenzie Blackwood with a rebound.
0:48 of 3rd period - Snap shot by Jordan Kyrou.
0:48 of 3rd period - Shot Misses the Net.
0:50 of 3rd period - Slapshot by Nick Holden.
0:50 of 3rd period - Shot Misses the Net.
0:52 of 3rd period - Slapshot by Michael Bunting.
0:52 of 3rd period - Stopped by Mackenzie Blackwood with a rebound.
1:11 of 3rd period - Slapshot by Pavel Buchnevich.
1:11 of 3rd period - Shot Blocked by Matt Boldy.
1:13 of 3rd period - Snap shot by Kevin Hayes.
1:13 of 3rd period - Deflect By Brayden Schenn.
1:13 of 3rd period - Shot Misses the Net.
1:13 of 3rd period - Puck is out of play.
1:14 of 3rd period - Tomas Hertl wins face-off versus Brayden Schenn in Minnesota Wild zone.
1:25 of 3rd period - Slapshot by Matt Boldy.
1:25 of 3rd period - Shot Misses the Net.
1:27 of 3rd period - Snap shot by Tomas Hertl.
1:27 of 3rd period - Stopped by Jaroslav Halak with a rebound.
1:29 of 3rd period - Snap shot by Matt Boldy.
1:29 of 3rd period - Shot Misses the Net.
1:31 of 3rd period - Backhand shot by Jake Middleton.
1:31 of 3rd period - Shot Blocked by Pavel Buchnevich.
2:59 of 3rd period - Jordan Kyrou is hit by Mats Zuccarello and loses puck.
3:07 of 3rd period - Icing by Justin Faulk.
3:08 of 3rd period - Brayden Schenn wins face-off versus Eric Staal in St. Louis Blues zone.
3:15 of 3rd period - Snap shot by Pavel Buchnevich.
3:15 of 3rd period - Stopped by Mackenzie Blackwood without a rebound.
3:16 of 3rd period - Robert Thomas wins face-off versus Tomas Hertl in Minnesota Wild zone.
3:46 of 3rd period - Snap shot by Kirill Kaprizov.
3:46 of 3rd period - Stopped by Jaroslav Halak with a rebound.
3:48 of 3rd period - Snap shot by Joel Eriksson-Ek.
3:48 of 3rd period - Goal by Joel Eriksson-Ek - St. Louis Blues : 3 - Minnesota Wild : 3.
3:49 of 3rd period - Joel Eriksson-Ek wins face-off versus Oskar Sundqvist in neutral zone.
4:16 of 3rd period - Robert Thomas is hit by Marcus Johansson and loses puck.
4:40 of 3rd period - Minor Penalty to Robert Bortuzzo for High sticking.
4:41 of 3rd period - Paul Stastny wins face-off versus Joel Eriksson-Ek in St. Louis Blues zone.
4:47 of 3rd period - Slapshot by Paul Stastny.
4:47 of 3rd period - Shot Blocked by Kirill Kaprizov.
4:49 of 3rd period - Slapshot by Justin Faulk.
4:49 of 3rd period - Shot Misses the Net.
4:51 of 3rd period - Backhand shot by Justin Faulk.
4:51 of 3rd period - Deflect By Paul Stastny.
4:51 of 3rd period - Shot Misses the Net.
4:51 of 3rd period - Puck is out of play.
4:52 of 3rd period - Oskar Sundqvist wins face-off versus Joel Eriksson-Ek in Minnesota Wild zone.
4:55 of 3rd period - Wrist shot by Oskar Sundqvist.
4:55 of 3rd period - Shot Misses the Net.
5:29 of 3rd period - Slapshot by Matt Boldy.
5:29 of 3rd period - Shot Misses the Net.
6:40 of 3rd period - Penalty to Robert Bortuzzo is over, Robert Bortuzzo is back on ice.
8:55 of 3rd period - Snap shot by Kasperi Kapanen.
8:55 of 3rd period - Stopped by Mackenzie Blackwood with a rebound.
8:57 of 3rd period - Wrist shot by Sammy Blais.
8:57 of 3rd period - Stopped by Mackenzie Blackwood without a rebound.
8:58 of 3rd period - Oskar Sundqvist wins face-off versus Ryan Hartman in Minnesota Wild zone.
9:05 of 3rd period - Slapshot by Torey Krug.
9:05 of 3rd period - Stopped by Mackenzie Blackwood with a rebound.
9:07 of 3rd period - Wrist shot by Kasperi Kapanen.
9:07 of 3rd period - Shot Misses the Net.
9:09 of 3rd period - Slapshot by Robert Bortuzzo.
9:09 of 3rd period - Shot Blocked by Marcus Foligno.
9:11 of 3rd period - Slapshot by Oskar Sundqvist.
9:11 of 3rd period - Stopped by Mackenzie Blackwood without a rebound.
9:12 of 3rd period - Joel Eriksson-Ek wins face-off versus Brayden Schenn in Minnesota Wild zone.
9:17 of 3rd period - Slapshot by John Klingberg.
9:17 of 3rd period - Deflect By Joel Eriksson-Ek.
9:17 of 3rd period - Shot Misses the Net.
9:17 of 3rd period - Puck is out of play.
9:18 of 3rd period - Brayden Schenn wins face-off versus Joel Eriksson-Ek in St. Louis Blues zone.
10:11 of 3rd period - Snap shot by Matt Boldy.
10:11 of 3rd period - Shot Misses the Net.
10:47 of 3rd period - Minor Penalty to Jake Middleton for Hooking.
10:48 of 3rd period - Robert Thomas wins face-off versus Kirill Kaprizov in Minnesota Wild zone.
10:53 of 3rd period - Slapshot by Robert Thomas.
10:53 of 3rd period - Stopped by Mackenzie Blackwood with a rebound.
10:55 of 3rd period - Slapshot by Pavel Buchnevich.
10:55 of 3rd period - Goal by Pavel Buchnevich - St. Louis Blues : 4 - Minnesota Wild : 3.
10:56 of 3rd period - Robert Thomas wins face-off versus Joel Eriksson-Ek in neutral zone.
10:58 of 3rd period - Off-side.
10:59 of 3rd period - Robert Thomas wins face-off versus Joel Eriksson-Ek in neutral zone.
11:12 of 3rd period - Icing by Michael Bunting.
11:13 of 3rd period - Joel Eriksson-Ek wins face-off versus Jordan Kyrou in St. Louis Blues zone.
11:28 of 3rd period - Wrist shot by Mats Zuccarello.
11:28 of 3rd period - Stopped by Jaroslav Halak without a rebound.
11:29 of 3rd period - Tomas Hertl wins face-off versus Oskar Sundqvist in St. Louis Blues zone.
12:06 of 3rd period - Pavel Buchnevich is hit by Rasmus Ristolainen and loses puck.
12:27 of 3rd period - Snap shot by Ryan Hartman.
12:27 of 3rd period - Shot Misses the Net.
12:39 of 3rd period - Matt Boldy is hit by Alexey Toropchenko and loses puck.
13:04 of 3rd period - Wrist shot by Kirill Kaprizov.
13:04 of 3rd period - Shot Misses the Net.
13:06 of 3rd period - Slapshot by Jon Merrill.
13:06 of 3rd period - Shot Blocked by Colton Parayko.
14:03 of 3rd period - Marcus Foligno is hit by Robert Bortuzzo.
14:32 of 3rd period - Snap shot by Joel Eriksson-Ek.
14:32 of 3rd period - Shot Blocked by Robert Bortuzzo.
15:04 of 3rd period - Snap shot by Ryan Hartman.
15:04 of 3rd period - Shot Blocked by Brayden Schenn.
15:14 of 3rd period - Snap shot by Kasperi Kapanen.
15:14 of 3rd period - Stopped by Mackenzie Blackwood without a rebound.
15:15 of 3rd period - Joel Eriksson-Ek wins face-off versus Oskar Sundqvist in Minnesota Wild zone.
15:44 of 3rd period - Snap shot by Jordan Kyrou.
15:44 of 3rd period - Shot Misses the Net.
15:46 of 3rd period - Wrist shot by Robert Thomas.
15:46 of 3rd period - Shot Misses the Net.
15:48 of 3rd period - Slapshot by Marco Scandella.
15:48 of 3rd period - Stopped by Mackenzie Blackwood with a rebound.
15:50 of 3rd period - Slapshot by Colton Parayko.
15:50 of 3rd period - Deflect By Matt Boldy.
15:50 of 3rd period - Stopped by Mackenzie Blackwood with a rebound.
15:52 of 3rd period - Wrist shot by Michael Bunting.
15:52 of 3rd period - Shot Blocked by Matt Boldy.
15:56 of 3rd period - Snap shot by Michael Bunting.
15:56 of 3rd period - Shot Misses the Net.
16:03 of 3rd period - Icing by John Klingberg.
16:04 of 3rd period - Paul Stastny wins face-off versus Ryan Hartman in Minnesota Wild zone.
16:15 of 3rd period - Wrist shot by Ryan Hartman.
16:15 of 3rd period - Deflect By Marcus Foligno.
16:15 of 3rd period - Stopped by Jaroslav Halak with a rebound.
16:17 of 3rd period - Snap shot by Zach Parise.
16:17 of 3rd period - Deflect By Ryan Hartman.
16:17 of 3rd period - Stopped by Jaroslav Halak without a rebound.
16:18 of 3rd period - Eric Staal wins face-off versus Oskar Sundqvist in St. Louis Blues zone.
16:51 of 3rd period - Slapshot by Justin Faulk.
16:51 of 3rd period - Stopped by Mackenzie Blackwood with a rebound.
16:53 of 3rd period - Wrist shot by Paul Stastny.
16:53 of 3rd period - Deflect By Jakub Vrana.
16:53 of 3rd period - Shot Blocked by Jake Middleton.
16:53 of 3rd period - Puck is out of play.
16:54 of 3rd period - Ryan Hartman wins face-off versus Paul Stastny in Minnesota Wild zone.
16:54 of 3rd period - Ryan Hartman is hit by Jakub Vrana.
17:10 of 3rd period - Slapshot by Ryan Hartman.
17:10 of 3rd period - Stopped by Jaroslav Halak without a rebound.
17:11 of 3rd period - Oskar Sundqvist wins face-off versus Joel Eriksson-Ek in St. Louis Blues zone.
17:26 of 3rd period - Slapshot by Mats Zuccarello.
17:26 of 3rd period - Shot Misses the Net.
17:28 of 3rd period - Slapshot by John Klingberg.
17:28 of 3rd period - Shot Misses the Net.
19:01 of 3rd period - Minnesota Wild, Mackenzie Blackwood is pulled from the net.
19:14 of 3rd period - Slapshot by Kirill Kaprizov.
19:14 of 3rd period - Stopped by Jaroslav Halak without a rebound.
19:15 of 3rd period - Andreas Skogmo call a timeout for Minnesota Wild.
19:15 of 3rd period - Joel Eriksson-Ek wins face-off versus Brayden Schenn in St. Louis Blues zone.
Goals for this period are 1 for St. Louis Blues vs 1 for Minnesota Wild.
Shots for this period are 13 for St. Louis Blues vs 9 for Minnesota Wild.